 Dungeon Crawl Stone Soup version 0.28.0 (webtiles) character file.

Game seed: 333390065902323197

13 spaghetti the Sneak (level 2, 18/27 HPs)
             Began as a Deep Dwarf Delver on Feb 18, 2022.
             Quit the game on level 5 of the Dungeon.
             The game lasted 00:00:06 (36 turns).

spaghetti the Sneak (Deep Dwarf Delver)               Turns: 36, Time: 00:00:07

Health: 18/27      AC:  3    Str: 15    XL:     2   Next: 24%
Magic:  2/2        EV: 12    Int: 10    God:
Gold:   0          SH:  0    Dex: 14    Spells: 1/1 levels left

rFire   . . .      SeeInvis .   a - +0 hand axe
rCold   . . .      Faith    .   (no shield)
rNeg    . . .      Spirit   .   b - +0 leather armour
rPois   .          Reflect  .   (no helmet)
rElec   .          Harm     .   (no cloak)
rCorr   .          Rampage  .   (no gloves)
Will    .....                   (no boots)
Stlth   +++.......              (no amulet)
HPRegen 0.00/turn               (no ring)
MPRegen 0.08/turn               (no ring)

@: no status effects
A: damage resistance, heal wounds, sense surroundings 1, no regeneration
a: Heal Wounds


You were on level 5 of the Dungeon.
You visited 1 branch of the dungeon, and saw 1 of its levels.

Inventory:

Hand Weapons
 a - a +0 hand axe (weapon)
Armour
 b - a +0 leather armour (worn)
Wands
 g - a wand of digging (3)
Scrolls
 c - a scroll of fog
 d - a scroll of magic mapping
 e - a scroll of fear
Potions
 f - a potion of haste


   Skills:
 + Level 2.9 Fighting
 + Level 2.5 Axes
 + Level 2.5 Dodging
 + Level 6.2 Stealth


You had one spell level left.
You didn't know any spells.
Your spell library was empty.

Dungeon Overview and Level Annotations

Branches:
Dungeon (5/15)
 Temple: D:4-7

Altars:

Annotations:
D:5 Menkaure


Innate Abilities, Weirdness & Mutations

You are resistant to damage.
You can heal yourself by infusing magical energy.
You passively map a small area around you.
You do not regenerate.


Message History

A hound skeleton comes into view.
A hound skeleton is nearby!
You hit the hound skeleton but do no damage.
The hound skeleton bites you. x2
You hit the hound skeleton.
The hound skeleton is moderately damaged.
The hound skeleton bites you.
You barely miss the hound skeleton.
The hound skeleton is moderately damaged.
The hound skeleton barely misses you. The hound skeleton bites you.
You hit the hound skeleton.
The hound skeleton is heavily damaged.
The hound skeleton closely misses you.
You hit the hound skeleton.
The hound skeleton is heavily damaged.
The hound skeleton bites you.
The hound skeleton bites you but does no damage.
You hit the hound skeleton but do no damage.
The hound skeleton is heavily damaged.
The hound skeleton bites you.
You slash the hound skeleton!
The hound skeleton is severely damaged.
The hound skeleton bites you but does no damage.
The hound skeleton bites you.
You barely miss the hound skeleton.
The hound skeleton is severely damaged.
The hound skeleton misses you.
You hit the hound skeleton.
The hound skeleton is almost destroyed.
The hound skeleton barely misses you.
The hound skeleton bites you but does no damage.
You hit the hound skeleton.
The hound skeleton is almost destroyed.
The hound skeleton misses you. x2
You slash the hound skeleton!
You destroy the hound skeleton!
You have reached level 2!
Found a pair of boots.
Menkaure, Prince of Dust comes into view.
Are you sure you want to abandon this character and quit the game? (Confirm with "yes".)

* ###### ..# ,
...... #.#
......##.##########
*
..................#
,
...................
*
...................
,
M.......[.........
,.......@......# **
......####..#.# * *
##### ##.#.# *
#...# , ##..# #..#
,# #..# .# *
###.####.# ,,
#........####


You could see Menkaure (dormant).

Vanquished Creatures
  A hound skeleton (D:5)
1 creature vanquished.

Notes
Turn   | Place    | Note
-------+----------+-------------------------------------------
     0 | D:5      | spaghetti the Deep Dwarf Delver began the quest for the
                  | Orb.
     0 | D:5      | Reached XP level 1. HP: 20/20 MP: 1/1
    23 | D:5      | Reached XP level 2. HP: 18/27 MP: 2/2
    35 | D:5      | Noticed Menkaure
    36 | D:5      | Quit the game

Illustrated notes

Levels and vault maps discovered:
D:5:      layout_basic, nicolae_qazlal_style_of_elements, trog_book,
          uniq_menkaure

Action                   || total
-------------------------++-------
Melee: Hand axe          ||    11
Armor: Leather armour    ||     3
Dodge: Dodged            ||     6
